 Dungeon Crawl Stone Soup version 0.21-a0-582-g1b93aee (webtiles) character file.

881 theanonym the Poker (level 8, -4/63 HPs)
             Began as a Human Skald on Dec 19, 2017.
             Was a Believer of Zin.
             Slain by a centaur
             ... wielding a +0 short sword
              (8 damage)
             ... on level 6 of the Dungeon.
             The game lasted 00:17:06 (8210 turns).

theanonym the Poker (Human Skald)                   Turns: 8210, Time: 00:17:07

Health: -4/63      AC:  8    Str: 20    XL:     8   Next: 25%
Magic:  11/11      EV: 13    Int: 14    God:    Zin [**....]
Gold:   271        SH:  3    Dex: 18    Spells: 8/11 levels left

rFire    . . .     SeeInvis .   a - +0 spear
rCold    . . .     Gourm    .   (no shield)
rNeg     + . .     Faith    .   s - +0 chain mail
rPois    ∞         Spirit   .   (no helmet)
rElec    .         Reflect  +   (no cloak)
rCorr    .         Harm     .   (no gloves)
MR       .....                  (no boots)
Stlth    ..........             k - +3 amulet of reflection
HPRegen  0.20/turn              l - ring of positive energy {rN+rN+}
MPRegen  0.12/turn              C - +4 ring of strength

@: agile, vitalised, very slightly contaminated, invisible
A: no striking features
a: Recite, Vitalisation, Donate Gold, Renounce Religion


   Skills:
 + Level 5.4 Fighting
 * Level 7.5 Polearms
 - Level 1.0 Armour
 - Level 2.0 Dodging
 - Level 2.0 Spellcasting
 - Level 3.0 Charms


You had 8 spell levels left.
You knew the following spells:

 Your Spells              Type           Power        Failure   Level  Hunger
a - Infusion              Chrm           #...         63%         1    ##.....
b - Song of Slaying       Chrm           #.......     77%         2    ###....

Skill      XL: |  1  2  3  4  5  6  7 |
---------------+----------------------+-----
Polearms       | 3 4 5 7 |  7.5
Fighting       | 3 4 5 |  5.4
Armour         | |  1.0
Dodging        | |  2.0
Spellcasting   | |  2.0
Charms         | |  3.0

Action                   |  1- 3 |  4- 6 |  7- 9 || total
-------------------------+-------+-------+-------++-------
Melee: Spear             |   142 |   400 |   305 ||   847
 Cast: Infusion          |     4 |    11 |     6 ||    21
       Song of Slaying   |       |     3 |       ||     3
Invok: Recite            |       |       |     5 ||     5
       Vitalisation      |       |       |     2 ||     2
Evoke: Wand              |       |     1 |       ||     1
  Use: Scroll            |       |     8 |     6 ||    14
       Potion            |       |       |     4 ||     4
 Stab: Sleeping          |     1 |       |       ||     1
  Eat: Chunk             |     2 |     8 |     6 ||    16
       Ration            |       |     1 |     2 ||     3
Armor: Leather armour    |    29 |     1 |       ||    30
       Ring mail         |       |    82 |    21 ||   103
       Chain mail        |       |       |    54 ||    54
       Scale mail        |       |       |     3 ||     3
Dodge: Dodged            |    71 |   131 |    89 ||   291
Block: Other             |       |    15 |    28 ||    43
       Reflection        |       |       |     3 ||     3

Inventory:

Hand Weapons
 a - a +0 spear (weapon)
Armour
 b - a +0 large shield
   (You found it on level 6 of the Dungeon)
 r - a +0 pair of gloves
   (You found it on level 6 of the Dungeon)
 s - a +0 chain mail (worn)
   (You found it on level 3 of the Dungeon)
 A - a +0 scale mail {10}
   (You took it off an orc on level 4 of the Dungeon)
Jewellery
 k - a +3 amulet of reflection (around neck)
   (You found it on level 3 of the Dungeon)
 l - a ring of positive energy (left hand) {rN+rN+}
   (You found it on level 2 of the Dungeon)
 q - an uncursed ring of flight {+Fly}
   (You found it on level 2 of the Dungeon)
 C - a +4 ring of strength (right hand)
   (You found it on level 5 of the Dungeon)
Wands
 h - a wand of polymorph (8)
   (You found it on level 3 of the Dungeon)
 u - a wand of random effects (15)
   (You found it on level 3 of the Dungeon)
Scrolls
 n - a scroll of amnesia {unknown}
 t - 3 scrolls of teleportation {!r}
 v - 3 scrolls of remove curse
 x - 3 scrolls of enchant weapon {unknown}
 y - a scroll of fear {unknown}
 B - a scroll of magic mapping {unknown}
 G - a scroll of enchant armour {unknown}
Potions
 d - 2 potions of cancellation
 g - 2 potions of magic
 i - a potion of agility
 j - 2 potions of invisibility
 m - 4 potions of lignification
 o - a potion of heal wounds {unknown}
 p - 2 potions of degeneration
 z - 2 potions of might {unknown}
 D - 2 potions of flight {unknown}
Books
 c - a book of Battle
 E - a book of Minor Magic
   (You found it on level 6 of the Dungeon)
 F - a book of Geomancy
   (You found it on level 5 of the Dungeon)
Comestibles
 e - 8 rations
 H - a chunk of flesh


You were on level 6 of the Dungeon.
You worshipped Zin.
Zin was pleased with you.
You were not hungry.

You visited 1 branch of the dungeon, and saw 6 of its levels.
You also visited: Ossuary.

You collected 301 gold pieces.
You donated 30 gold pieces to Zin.

Dungeon Overview and Level Annotations

Branches:
Dungeon (6/15)
 Temple: D:4-7

Altars:
Dithmenos
Kikubaaqudgha
Makhleb
Ru
Trog
Yredelemnul
Zin


Message History

You feel sick. x3
Your magical infusion is running out.
You take 1 damage, and have 29/63 hp.
You start resting.
You feel sick. x2
You are no longer magically infusing your attacks.
You take 1 damage, and have 28/63 hp.
Your magical contamination has completely faded away.
You see here an adder corpse.
You butcher the adder corpse.
You feel sick.
H - a chunk of flesh You take 1 damage, and have 27/63 hp.
You start resting.
You feel sick.
You are no longer poisoned.
You start resting.
MP restored: 11 You start resting.
A centaur comes into view. It is wielding a short sword.
You regained 2 hp, and now have 30/63 hp.
The centaur shouts!
The centaur moves out of view.
The centaur unwields an uncursed short sword.
The centaur wields a shortbow.
The centaur shoots an arrow.
The arrow barely misses you.
You see here an arrow.
The centaur shoots an arrow.
The arrow barely misses you.
The centaur shoots an arrow.
You reflect the arrow off an invisible shield around you!
The arrow hits the centaur but does no damage.
The centaur shoots an arrow.
The arrow hits you!
* * * LOW HITPOINT WARNING * * *
The centaur shoots an arrow.
The arrow hits you!
* * * LOW HITPOINT WARNING * * *
You see here 2 arrows.
You take 18 damage, and have 13/63 hp.
MASSIVE DAMAGE!!
The centaur shoots an arrow.
The arrow closely misses you.
You see here an arrow.
Zin grants you divine stamina.
You now have 9/11 mp.
You feel agile all of a sudden.
You start resting.
The centaur unwields an uncursed shortbow.
The centaur wields an uncursed short sword.
The centaur misses you.
You see here an arrow.
You hit the centaur.
The centaur hits you with an uncursed short sword.
* * * LOW HITPOINT WARNING * * *
You take 3 damage, and have 12/63 hp.
You hit the centaur but do no damage. The centaur barely misses you.
You hit the centaur.
The centaur hits you but does no damage.
You hit the centaur. You block the centaur's attack.
You hit the centaur.
The centaur hits you but does no damage.
The centaur hits you with an uncursed short sword.
* * * LOW HITPOINT WARNING * * *
You take 5 damage, and have 7/63 hp.
You feel better. The centaur closely misses you.
You regained 11 hp, and now have 18/63 hp.
You barely miss the centaur. The centaur closely misses you.
You hit the centaur.
The centaur hits you with an uncursed short sword.
* * * LOW HITPOINT WARNING * * *
You take 4 damage, and have 15/63 hp.
You hit the centaur but do no damage.
The centaur hits you with an uncursed short sword!
* * * LOW HITPOINT WARNING * * *
You take 7 damage, and have 8/63 hp.
You hit the centaur. The centaur barely misses you. The centaur misses you.
You hit the centaur but do no damage.
The centaur hits you with an uncursed short sword.
* * * LOW HITPOINT WARNING * * *
You take 3 damage, and have 5/63 hp.
Okay, then.
Okay, then.
You fade into invisibility!
The centaur hits you but does no damage.
You are very lightly contaminated with residual magic.
The centaur unwields an uncursed short sword.
The centaur wields an uncursed shortbow.
The centaur shoots an arrow.
The arrow closely misses you.
The centaur shoots an arrow.
The arrow misses you.
MP restored: 11
As you read the scroll of fog, it crumbles to dust.
The scroll dissolves into smoke.
You feel better.
The centaur unwields an uncursed shortbow.
The centaur wields an uncursed short sword.
The centaur hits you with an uncursed short sword.
* * * LOW HITPOINT WARNING * * *
You regained 3 hp, and now have 9/63 hp.
You hit the centaur but do no damage. You block the centaur's attack.
You hit the centaur but do no damage.
The centaur hits you with an uncursed short sword.
* * * LOW HITPOINT WARNING * * *
You take 5 damage, and have 4/63 hp.
You hit the centaur.
The centaur hits you with an uncursed short sword!
You die...

#...# ### ##.#.......#...
##### #.# #)##......##.#
####.#### #.###...#.##>#
#....)..###..##.#.#.##..
#.##.##.#............[..
####.##.##.#.##........###.
#........§§§.##..#.##### #.
#.##.##.##§####..#.# .
#.##.##.##@####..#.# .
#.##....§§§c§§§c.#.# #
#.#############.##.# #.#
#.##.# #.# #(##.# #.#
#.##.# #.# #.# #.# #.# ##.#
#(#


You could see a centaur.

Notes
Turn   | Place    | Note
-------+----------+-------------------------------------------
     0 | D:1      | theanonym the Human Skald began the quest for the Orb.
     0 | D:1      | Reached XP level 1. HP: 16/16 MP: 3/3
   146 | D:1      | Reached XP level 2. HP: 22/22 MP: 5/5
   404 | D:1      | Reached XP level 3. HP: 21/28 MP: 6/6
   543 | D:1      | Reached skill level 3 in Polearms
  1152 | D:2      | Learned a level 2 spell: Song of Slaying
  1305 | D:2      | HP: 14/28 [worm (2)]
  1583 | D:2      | Reached XP level 4. HP: 32/34 MP: 7/7
  2268 | D:3      | Reached skill level 3 in Fighting
  2508 | D:3      | HP: 15/35 [worm (10)]
  2882 | D:3      | Reached skill level 4 in Polearms
  2887 | D:3      | HP: 16/35 [worm (2)]
  2893 | D:3      | HP: 15/35 [poisoned by an adder]
  2904 | D:3      | HP: 13/35 [worm (3)]
  3120 | D:3      | Reached XP level 5. HP: 41/41 MP: 8/8
  3548 | D:4      | Noticed an ogre
  3549 | D:4      | Noticed a fire bat
  3549 | D:4      | an ogre changed into a fire bat
  3553 | D:4      | Found a sand-covered staircase.
  3687 | Ossuary  | Entered an ossuary
  3726 | Ossuary  | HP: 20/41 [water moccasin zombie (4)]
  3963 | Ossuary  | Reached XP level 6. HP: 33/47 MP: 9/9
  4170 | Ossuary  | Reached skill level 5 in Polearms
  4343 | Ossuary  | Reached skill level 4 in Fighting
  4439 | Ossuary  | HP: 24/48 [mummy (14)]
  4444 | Ossuary  | HP: 18/48 [mummy (6)]
  4786 | D:4      | HP: 22/48 [river rat (4)]
  4793 | D:4      | Reached XP level 7. HP: 25/54 MP: 6/10
  4803 | D:4      | HP: 25/54 [river rat (2)]
  5163 | D:4      | Found a burning altar of Makhleb.
  5175 | D:4      | Found a glowing silver altar of Zin.
  5175 | D:4      | Noticed an angel
  5176 | D:4      | Noticed an Executioner
  5180 | D:4      | Became a worshipper of Zin the Law-Giver
  5180 | D:4      | Reached * piety under Zin
  5224 | D:4      | Reached skill level 6 in Polearms
  5881 | D:5      | Entered Level 5 of the Dungeon
  6667 | D:5      | Found a sacrificial altar of Ru.
  6669 | D:5      | Found a bloodstained altar of Trog.
  6671 | D:5      | Found an ancient bone altar of Kikubaaqudgha.
  6672 | D:5      | Found a shadowy altar of Dithmenos.
  6672 | D:5      | Found a basalt altar of Yredelemnul.
  6685 | D:5      | Reached ** piety under Zin
  7344 | D:6      | Reached skill level 5 in Fighting
  7354 | D:6      | Reached skill level 7 in Polearms
  7354 | D:6      | Reached XP level 8. HP: 44/62 MP: 0/11
  7359 | D:6      | HP: 31/62 [bullfrog (4)]
  7507 | D:6      | HP: 29/62 [ogre/giant club (5)]
  8136 | D:6      | HP: 31/62 [hound (4)]
  8141 | D:6      | HP: 29/63 [poisoned by an adder]
  8146 | D:6      | HP: 28/63 [poisoned by an adder]
  8153 | D:6      | HP: 27/63 [poisoned by an adder]
  8161 | D:6      | HP: 27/63 [poisoned by an adder]
  8181 | D:6      | HP: 20/63 [centaur/arrow (11)]
  8190 | D:6      | HP: 12/63 [centaur/uncursed short sword (3)]
  8197 | D:6      | HP: 15/63 [centaur/uncursed short sword (4)]
  8200 | D:6      | HP: 5/63 [centaur/uncursed short sword (3)]
  8207 | D:6      | HP: 9/63 [centaur/uncursed short sword (6)]
  8209 | D:6      | HP: 4/63 [centaur/uncursed short sword (5)]
  8210 | D:6      | Slain by a centaur

Vanquished Creatures
  A bullfrog (D:6)
  2 water moccasin zombies (Ossuary)
  A howler monkey (D:6)
  A crimson imp (D:6)
  A bullfrog skeleton (D:6)
  A jelly (D:5)
  An orc priest (D:4)
  3 hounds
  An iguana (D:6)
  4 worker ants
  3 big kobold zombies (Ossuary)
  2 hound skeletons (D:4)
  2 mummies (Ossuary)
  6 adders
  3 river rats (D:4)
  An adder zombie (Ossuary)
  2 adder skeletons
  5 worms
  5 dart slugs
  2 leopard geckos
  8 orcs
  A ball python (D:2)
  6 giant cockroaches
  7 goblins
  8 hobgoblins
  11 jackals
  3 quokkas
  7 bats
  5 frilled lizards
  3 gnoll zombies (Ossuary)
  A goblin zombie (D:4)
  6 hobgoblin zombies (Ossuary)
  6 kobolds
  7 kobold zombies (Ossuary)
  A leopard gecko zombie (D:5)
  7 orc zombies (Ossuary)
  2 quokka zombies
  11 rats
  A rat zombie (D:4)
148 creatures vanquished.

Table legend:
 A = Turns spent in this place as a percentage of turns spent in the entire game.
 B = Non-inter-level travel turns spent in this place as a percentage of non-inter-level travel turns spent in the entire game.
 C = Inter-level travel turns spent in this place as a percentage of turns spent in this place.
 D = Turns resting spent in this place as a percentage of non-inter-level travel turns spent in this place.
 E = Turns spent auto-exploring this place as a percentage of non-inter-level travel turns spent in this place.
 F = Non-inter-level travel turns spent in this place divided by the number of levels of this place that you've seen.
                   A       B       C       D       E      F
               +-------+-------+-------+-------+-------+----------------------
         Total | 100.0 | 100.0 |   4.3 |  39.4 |  40.9 | 1121.9
       Dungeon |  88.1 |  87.6 |   4.9 |  35.4 |  45.9 | 1146.5
       Ossuary |  11.9 |  12.4 |   0.0 |  67.6 |   5.4 | 974.0
               +-------+-------+-------+-------+-------+----------------------
